 Dungeon Crawl Stone Soup version 0.30.0-17-ge0270778cf (webtiles) character file.

Game seed: 16950224151450283901

145 Kranky the Ruffian (level 5, -2/50 HPs)
             Began as a Troll Warper on May 23, 2023.
             Slain by an iguana (8 damage)
             ... on level 4 of the Dungeon.
             The game lasted 00:03:19 (1849 turns).

Kranky the Ruffian (Troll Warper)                   Turns: 1849, Time: 00:03:19

Health: -2/50      AC:  4    Str: 21    XL:     5   Next: 6%
Magic:  6/6        EV:  9    Int:  9    God:
Gold:   155        SH:  0    Dex:  9    Spells: 7/7 levels left

rFire   . .          .
                       - Unarmed
rCold   . . .        (no shield)
rNeg    . . .        a - +0 robe
rPois   .            (helmet restricted)
rElec   .            (no cloak)
rCorr   .            (gloves unavailable)
SInv    .            (boots unavailable)
Will    .....        (no amulet)
Stlth   +            (no ring)
HPRegen 1.08/turn    (no ring)
MPRegen 0.10/turn

%: no passive effects
@: no status effects
A: large, unfitting armour, claws 3, regeneration 1, shaggy fur 1, tough skin 1
a: no special abilities


You were on level 4 of the Dungeon.
You visited 1 branch of the dungeon, and saw 4 of its levels.

You collected 155 gold pieces.

Inventory:

Missiles
 c - 7 boomerangs of dispersal (quivered)
Armour
 a - a +0 robe (worn)
Scrolls
 b - 2 scrolls of blinking
 f - 2 scrolls of teleportation {unknown}
 h - 7 scrolls of identify {unknown}
 l - a scroll of fog {unknown}
 o - a scroll of fear {unknown}
 p - a scroll of amnesia {unknown}
 q - a scroll of immolation {unknown}
Potions
 d - a potion of haste {unknown}
 e - 2 potions of heal wounds {unknown}
 g - a potion of lignification {unknown}
 i - a potion of cancellation {unknown}
 j - a potion of berserk rage {unknown}
 k - a potion of mutation {unknown}
 m - a potion of attraction {unknown}
 n - a potion of curing {unknown}
 r - a potion of flight {unknown}
 s - a potion of ambrosia {unknown}


   Skills:
 + Level 2.3 Fighting
 - Level 0.8 Throwing
 + Level 1.5 Armour
 - Level 1.9 Dodging
 + Level 2.9 Unarmed Combat
 + Level 1.8 Spellcasting
 + Level 2.7 Translocations


You had 7 spell levels left.
You didn't know any spells.
Your spell library contained the following spells:

 Spells                   Type           Power      Damage    Failure   Level
 Blink                    Tloc           10%        N/A       17%         2
 Lesser Beckoning         Tloc           10%        N/A       17%         2
 Momentum Strike          Conj/Tloc      6%         3d8       30%         2
 Teleport Other           Tloc           5%         N/A       32%         3
 Shock                    Conj/Air       0%         1d3       34%         1
 Cigotuvi's Dreadful Rot  Necr/Pois/Air  0%         N/A       45%         2
 Portal Projectile        Hex/Tloc       6%         N/A       52%         3
 Vhi's Electric Charge    Tloc/Air       6%         N/A       52%         3
 Swiftness                Air            0%         N/A       71%         3
 Tukima's Dance           Hex            0%         N/A       71%         3
 Manifold Assault         Tloc           5%         N/A       73%         4
 Airstrike                Air            0%         2d(0-16)  98%         4
 Dispel Undead            Necr           0%         3d6       98%         4
 Blade Hands              Tmut           0%         N/A       100%        5
 Death Channel            Necr           0%         N/A       100%        6


Dungeon Overview and Level Annotations

Branches:
Dungeon (4/15)
 Temple: D:4-7

Altars:
Fedhas
Xom

Shops:
D:1 (


Innate Abilities, Weirdness & Mutations

You are too large for most types of armour.
You have claws for hands.
Your natural rate of healing is unusually fast.
You are covered in fur. (AC +1)
You have tough skin. (AC +1)


Message History

The iguana is moderately wounded.
The orc closely misses you.
The iguana bites you but does no damage.
You scratch the iguana but do no damage.
The iguana is moderately wounded.
The orc hits you but does no damage. The iguana closely misses you.
You scratch the iguana but do no damage.
The iguana is moderately wounded.
The iguana bites you!
* * * LOW HITPOINT WARNING * * *
The orc hits you but does no damage.
You closely miss the iguana.
The iguana is moderately wounded.
The iguana completely misses you. The orc barely misses you.
You closely miss the iguana.
The iguana is moderately wounded.
The iguana closely misses you. The orc misses you.
You barely miss the iguana.
The iguana is moderately wounded.
The iguana barely misses you. The orc hits you with a +0 club.
* * * LOW HITPOINT WARNING * * *
You barely miss the iguana.
The iguana is moderately wounded.
The orc hits you but does no damage. The iguana bites you.
* * * LOW HITPOINT WARNING * * *
You claw the orc!
You kill the orc!
The iguana bites you!
* * * LOW HITPOINT WARNING * * *
You closely miss the iguana.
The iguana is moderately wounded.
The iguana bites you.
* * * LOW HITPOINT WARNING * * *
You completely miss the iguana.
The iguana is moderately wounded.
The iguana barely misses you.
You claw the iguana!
The iguana is severely wounded.
The iguana bites you!
You die...

#........#...
#...........#
#...........#
##..........## #.
##............#...
#.....>.#.........
###.....#........#
#.#.......#
###...###@#
#####.l)# #....
##.... #.###. ##
.. .. ##


You could see an iguana.

Vanquished Creatures
  An orc priest (D:4)
  A sleepcap (D:4)
  A gnoll (D:1)
  An adder (D:2)
  A worm (D:2)
  3 dart slugs
  4 orcs
  5 endoplasms (D:1)
  4 giant cockroaches
  7 hobgoblins
  6 kobolds
  4 quokkas
  3 ball pythons
  4 bats
  A frilled lizard (D:3)
  5 goblins
  4 rats
55 creatures vanquished.

Notes
Turn   | Place    | Note
-------+----------+-------------------------------------------
     0 | D:1      | Kranky the Troll Warper began the quest for the Orb.
     0 | D:1      | Reached XP level 1. HP: 19/19 MP: 1/1
    65 | D:1      | Found Apenyw's Antique Weapon Emporium.
   146 | D:1      | Reached XP level 2. HP: 28/28 MP: 3/3
   349 | D:1      | Reached XP level 3. HP: 35/35 MP: 4/4
   912 | D:2      | Reached skill level 1 in Armour
  1332 | D:3      | Reached XP level 4. HP: 42/42 MP: 5/5
  1391 | D:3      | Found a blossoming altar of Fedhas.
  1503 | D:3      | Found a shimmering altar of Xom.
  1836 | D:4      | Reached XP level 5. HP: 16/50 MP: 6/6
  1849 | D:4      | Slain by an iguana

Illustrated notes

Levels and vault maps discovered:
D:1:      lemuel_arrival_rhombus, layout_basic, serial_shops,
          nicolae_shop_statue_plus
D:2:      layout_rooms, minmay_misc_feat_nine_boxes
D:3:      layout_rooms, lemuel_coloured_pillars_altar,
          mainiacjoe_overflow_small_starburst
D:4:      layout_cave_pools

Skill      XL: |  1  2  3 |
---------------+----------+-----
Fighting       | 2 |  2.3
Armour         | 1 |  1.5
Throwing       | |  0.8
Dodging        | |  1.9
Unarmed Combat | |  2.9
Spellcasting   | |  1.8
Translocations | |  2.7

Action                     |  1- 3 |  4- 6 || total
---------------------------+-------+-------++-------
  Melee: Unarmed           |    99 |    69 ||   168
         Punch             |     4 |     1 ||     5
 Armour: Robe              |    26 |    15 ||    41
  Dodge: Dodged            |    51 |    43 ||    94
